 Dungeon Crawl Stone Soup version 0.23-a0-577-g2b1de94 (webtiles) character file.

4 Azzok the Sneak (level 1, 0/13 HPs)
             Began as a Gnoll Enchanter on Dec 15, 2018.
             Slain by a leopard gecko (3 damage)
             ... on level 1 of the Dungeon.
             The game lasted 00:00:29 (338 turns).

Azzok the Sneak (Gnoll Enchanter)                    Turns: 338, Time: 00:00:29

Health: 0/13       AC:  2    Str: 10    XL:     1   Next: 70%
Magic:  4/6        EV: 14    Int: 17    God:
Gold:   0          SH:  0    Dex: 15    Spells: 8/9 levels left

rFire    . . .     SeeInvis .   a - +1 dagger
rCold    . . .     Gourm    .   (no shield)
rNeg     . . .     Faith    .   b - +0 robe
rPois    .         Spirit   .   (no helmet)
rElec    .         Reflect  .   (no cloak)
rCorr    +         Harm     .   (no gloves)
MR       .....                  (no boots)
Stlth    +++.......             (no amulet)
HPRegen  0.04/turn              e - ring of resist corrosion
MPRegen  0.10/turn              (no ring)

@: no status effects
A: distributed training, fangs 1, strong nose
a: no special abilities


You were on level 1 of the Dungeon.
You were not hungry.

You visited 1 branch of the dungeon, and saw 1 of its levels.

Inventory:

Hand Weapons
 a - a +1 dagger (weapon)
Armour
 b - a +0 robe (worn)
Jewellery
 e - a ring of resist corrosion (left hand)
Scrolls
 f - a scroll of enchant armour {unknown}
Potions
 c - 2 potions of curing {unknown}
 g - a potion of cancellation {unknown}
Comestibles
 d - a ration
 h - a chunk of flesh


   Skills:
 + Level 0.1 Fighting
 + Level 2.4 Short Blades
 + Level 0.1 Long Blades
 + Level 0.1 Axes
 + Level 0.1 Maces & Flails
 + Level 0.1 Polearms
 + Level 0.1 Staves
 + Level 0.1 Slings
 + Level 0.1 Bows
 + Level 0.1 Crossbows
 + Level 0.1 Throwing
 + Level 0.1 Armour
 + Level 4.4 Dodging
 + Level 5.9 Stealth
 + Level 0.1 Shields
 + Level 0.1 Unarmed Combat
 + Level 4.9 Spellcasting
 + Level 0.1 Conjurations
 + Level 5.3 Hexes
 + Level 0.1 Charms
 + Level 0.1 Summonings
 + Level 0.1 Necromancy
 + Level 0.1 Translocations
 + Level 0.1 Transmutations
 + Level 0.1 Fire Magic
 + Level 0.1 Ice Magic
 + Level 0.1 Air Magic
 + Level 0.1 Earth Magic
 + Level 0.1 Poison Magic
 + Level 0.2 Invocations
 + Level 0.1 Evocations


You had 8 spell levels left.
You knew the following spells:

 Your Spells              Type           Power        Failure   Level  Hunger
a - Corona                Hex            ###....      1%          1    None

Your spell library contained the following spells:

 Spells                   Type           Power        Failure   Level  Hunger
 Confuse                  Hex            ###.....     4%          3    ###....
 Tukima's Dance           Hex            ###.....     4%          3    ###....
 Ensorcelled Hibernation  Hex/Ice        ##....       7%          2    #......
 Dazzling Spray           Conj/Hex       ##....       14%         3    ###....


Dungeon Overview and Level Annotations

Branches:
Dungeon (1/15)

Altars:


Innate Abilities, Weirdness & Mutations

Your experience applies equally to all skills.
You have very sharp teeth.
Your uncanny sense of smell can sniff out nearby items.


Message History

* * * LOW HITPOINT WARNING * * *
The bat misses you.
Casting: Corona (safe; 1% risk of failure)
Confirm with . or Enter, or press ? or * to list all spells.
Aiming: Corona (safe; 1% risk of failure)
Press: ? - help, Shift-Dir - straight line, f - bat
Aim: a bat (chance to defeat MR: 77%)
The bat is outlined in light.
The bat closely misses you.
You hit the bat.
The bat is severely wounded.
The bat hits you but does no damage. The bat misses you.
You hit the bat.
You kill the bat!
Casting: Corona (safe; 1% risk of failure)
Confirm with . or Enter, or press ? or * to list all spells.
Aiming: Corona (safe; 1% risk of failure)
Press: ? - help, Shift-Dir - straight line, f - leopard gecko
Aim: a leopard gecko (clinging, chance to defeat MR: 77%)
The leopard gecko is outlined in light.
The leopard gecko bites you.
You die...

············▒▒··▒▒·▒···▒ ▒·▒
············▒▒···▒▒▒·▒·▒ ▒·▒
)····················▒·▒ ▒·▒
·····················▒·▒ ▒·▒
·············▒·▒·▒▒▒▒▒·▒▒▒▒▒▒▒▒·▒
·········▒▒╬▒▒g▒················▒
····▒▒▒········▒·(···▒·······▒▒▒▒
····▒ ▒··▒▒·▒·)▒▒·▒········▒·▒ ▒
·· ▒···▒·▒·gl@·····▒▒·▒▒▒·▒ ▒ ▒··
▒·▒·▒▒▒·▒···▒▒·▒ ▒·▒ ▒ ∆ ·····▒·
·▒·▒·▒▒·▒ ▒·▒ ▒ ···▒·▒· ·▒······▒
▒·▒▒▒▒ ▒··▒·▒· ·····▒·▒▒▒▒ ▒·····
▒··▒·▒▒ ▒▒·▒▒▒·▒▒▒▒▒▒▒▒▒▒▒
▒(·▒·▒▒▒▒▒············
▒·▒▒▒▒▒▒··▒·········▒·▒▒▒▒▒▒▒▒▒▒
▒·········▒·········▒··········▒


You could see a leopard gecko and a goblin.

Vanquished Creatures
  A goblin (D:1)
  A ball python (D:1)
  A bat (D:1)
  2 kobolds (D:1)
  A rat (D:1)
6 creatures vanquished.

Notes
Turn   | Place    | Note
-------+----------+-------------------------------------------
     0 | D:1      | Azzok the Gnoll Enchanter began the quest for the Orb.
     0 | D:1      | Reached XP level 1. HP: 13/13 MP: 6/6
   338 | D:1      | Slain by a leopard gecko

Vault maps used:
D:1:      lightli_arrival_lavapool, minmay_cupped

Action                   || total
-------------------------++-------
Melee: Dagger            ||    16
       Bite              ||     2
 Cast: Corona            ||     2
 Stab: Sleeping          ||     1
Armor: Robe              ||     6
Dodge: Dodged            ||    31

Table legend:
 A = Non-vault XP
 B = Vault XP
 C = Vault XP percentage of total XP
 D = Non-vault monster count
 E = Vault monster count
 F = Vault count percentage of total count
                 A         B        C        D         E       F
            +---------+---------+-------+---------+---------+-------
      Total |       5 |       2 |  28.6 |       4 |       2 |  33.3
            +---------+---------+-------+---------+---------+-------
        D:1 |       5 |       2 |  28.6 |       4 |       2 |  33.3
            +---------+---------+-------+---------+---------+-------
